AoeStats
← Big Matthew

Lombardia

509762807Analyzed
2v2 RM · 5d ago on Sep 27, 2026· 90m 38s· 4 players
Game mode
Random Map
Map size
Medium (4 player)
Population
200
Speed
Normal
Resources
Standard
Victory
Conquest
Starting age
Dark Age
Ending age
Imperial Age
RankedLock teamsTeams togetherTeam positionsShared explorationLock speedFull tech treeHidden civsTurbo modeCheats
Victory
Defeat
🇺🇸 Malians · United States
821
+16
🇨🇦 Byzantines · Canada
798
+17
🇺🇸 Burgundians · United States
828
-22
🇺🇸 Bohemians · United States
819
-16
Big Matthew
11:09 Feudal Age
13:42 Loom
17:16 Castle Age
15:13 Horse Collar
16:27 Forging
17:07 Man-at-Arms
19:21 Stone Mining
19:55 Loom
22:22 Stone Shaft Mining
22:27 Double-Bit Axe
24:39 Heavy Plow
25:12 Bow Saw
27:12 Thumb Ring
27:31 Fletching
27:24 Crossbowman
29:23 Town Watch
30:35 Wheelbarrow
30:38 Tigui
30:11 Pikeman
32:01 Iron Casting
37:11 Fortified Wall
37:57 Bodkin Arrow
38:21 Hand Cart
38:07 Gold Mining
38:18 Elite Skirmisher
39:09 Town Patrol
41:26 Caravan
41:44 Squires
42:40 Husbandry
43:30 Gold Shaft Mining
47:05 Imperial Age
44:45 Long Swordsman
45:12 Arson
47:37 Bloodlines
47:39 Heavy Camel Rider
48:27 Murder Holes
52:27 Chemistry
51:08 Treadmill Crane
52:02 Conscription
51:47 Farimba
52:50 Hoardings
53:28 Light Cavalry
54:16 Elite Gbeto
56:12 Hoardings
56:44 Two-Handed Swordsman
56:46 Arbalester
56:53 Cavalier
58:20 Champion
61:36 Scale Barding Armor
73:04 Masonry
oopygoopy67
8:50 Loom
11:45 Feudal Age
13:03 Double-Bit Axe
18:39 Castle Age
18:21 Scale Mail Armor
18:34 Forging
21:32 Wheelbarrow
21:35 Bow Saw
22:15 Fervor
22:00 Horse Collar
22:32 Scale Barding Armor
24:22 Hand Cart
28:51 Iron Casting
32:21 Redemption
32:32 Sanctity
36:10 Imperial Age
33:44 Gold Mining
33:36 Pikeman
34:35 Husbandry
36:02 Squires
35:49 Arson
35:54 Gambesons
37:18 Conscription
38:41 Two-Man Saw
38:45 Chemistry
38:00 Heavy Camel Rider
40:04 Chain Barding Armor
40:11 Cavalier
40:13 Light Cavalry
46:56 Hussar
50:35 Plate Barding Armor
51:16 Elite Varangian Guard
53:30 Murder Holes
58:48 Atonement
59:04 Block Printing
59:16 Illumination
59:27 Theocracy
68:00 Bombard Tower
67:21 Treadmill Crane
71:49 Ballistics
73:01 Hoardings
79:58 Elite Cataphract
83:28 Logistica
84:12 Caravan
89:13 Man-at-Arms
89:43 Arson
MozamMax
1:35 Loom
10:43 Feudal Age
11:25 Wheelbarrow
10:37 Double-Bit Axe
10:33 Horse Collar
12:05 Town Watch
15:24 Arson
15:43 Man-at-Arms
17:10 Heavy Plow
24:12 Castle Age
30:30 Scale Barding Armor
30:36 Forging
30:49 Cavalier
31:30 Husbandry
36:29 Gold Mining
37:26 Masonry
39:22 Ballistics
41:45 Crop Rotation
41:50 Scale Mail Armor
41:54 Squires
43:02 Gold Shaft Mining
42:57 Bow Saw
44:50 Fortified Wall
44:40 Pikeman
46:50 Hand Cart
51:52 Imperial Age
51:11 Two-Man Saw
51:49 Burgundian Vineyards
53:11 Chain Barding Armor
55:26 Paladin
58:55 Chain Mail Armor
60:03 Plate Barding Armor
60:21 Iron Casting
65:15 Light Cavalry
68:45 Caravan
70:00 Conscription
77:20 Hussar
84:50 Blast Furnace
87:00 Chemistry
0therhalf
5:26 Loom
11:02 Feudal Age
17:29 Castle Age
15:19 Horse Collar
20:14 Wheelbarrow
22:16 Double-Bit Axe
24:37 Heavy Plow
30:06 Bow Saw
32:55 Imperial Age
30:40 Squires
30:53 Pikeman
32:06 Fletching
33:30 Bodkin Arrow
35:19 Chemistry
34:40 Ballistics
34:55 Conscription
34:45 Wagenburg Tactics
34:53 Siege Engineers
35:01 Forging
35:14 Scale Mail Armor
36:47 Hand Cart
36:24 Elite Hussite Wagon
38:07 Caravan
38:20 Halberdier
41:28 Iron Casting
42:52 Two-Man Saw
46:51 Blast Furnace
46:07 Chain Mail Armor
46:09 Bracer
46:45 Husbandry
46:09 Light Cavalry
49:20 Houfnice
56:49 Cavalier
58:06 Plate Mail Armor
57:42 Scale Barding Armor
60:04 Chain Barding Armor
67:20 Heavy Scorpion
71:59 Bombard Tower
72:52 Padded Archer Armor
78:47 Crossbowman
89:45 Leather Archer Armor
Connection lost

Rejoining the realm…

Still unreachable

The connection could not be restored.

Session expired

The server has moved on; the page needs a fresh start.